SNL (28 & UNDER)
BEAUMONT ROUGHNECKS @ MEMPHIS BLUES
09/13/2029
 
TOP OF THE 1ST
Beaumont Roughnecks batting - Pitching for Memphis Blues : RHP Michael Hutchins
Pitching: RHP Michael Hutchins
Batting: RHB John James 0-0: Ball
1-0: Called Strike
1-1: Ball
2-1: Ground out 6-3 (Groundball, 6)
Batting: RHB Jeff Mason 0-0: Called Strike
0-1: Swinging Strike
0-2: Strikes out swinging
Batting: LHB William Foley 0-0: Called Strike
0-1: Ground out 4-3 (Groundball, 4)
Top of the 1st over - 0 runs, 0 hits, 0 errors, 0 left on base; Beaumont 0 - Memphis 0
BOTTOM OF THE 1ST
Memphis Blues batting - Pitching for Beaumont Roughnecks : RHP Mike Marks
Pitching: RHP Mike Marks
Batting: LHB Bill Stephenson 0-0: Ball
1-0: SINGLE (Groundball, 4MD)
Batting: RHB Jesús Sánchez 0-0: Ball
Bill Stephenson steals 2nd base
1-0: Ball
2-0: Ball
3-0: Called Strike
3-1: Called Strike
3-2: Ground out 1-3 (Groundball, 13S)
Bill Stephenson to third
Batting: LHB Weston Chaney 0-0: Called Strike
0-1: Foul Ball, location: 2F
0-2: Ball
1-2: Fly out, F8 (Flyball, 8RXD)
Runner from 3rd tags up, SCORES, no throw
Batting: RHB Aaron Grizzle 0-0: Ball
1-0: Swinging Strike
1-1: DOUBLE (Line Drive, 9D)
Batting: LHB Brenton Carter 0-0: Ball
1-0: Ball
2-0: Ball
Wild Pitch!
Aaron Grizzle to third
3-0: Called Strike
3-1: Swinging Strike
3-2: Ground out 5-3 (Groundball, 5L)
Bottom of the 1st over - 1 run, 2 hits, 0 errors, 1 left on base; Beaumont 0 - Memphis 1
TOP OF THE 2ND
Beaumont Roughnecks batting - Pitching for Memphis Blues : RHP Michael Hutchins
Batting: RHB Roger Rush 0-0: Ball
1-0: Ball
2-0: Swinging Strike
2-1: Swinging Strike
2-2: Strikes out looking
Batting: LHB Enrique Cruz 0-0: Called Strike
0-1: Ball
1-1: Foul Ball, location: 2F
1-2: Foul Ball, location: 2F
1-2: Fly out, F5 (Popup, 56S)
Batting: RHB Marvin Johnson 0-0: Ball
1-0: SINGLE (Groundball, 56D)
Batting: RHB António Aguilar 0-0: Ball
1-0: Swinging Strike
Pickoff Throw to First - Out!
Top of the 2nd over - 0 runs, 1 hit, 0 errors, 0 left on base; Beaumont 0 - Memphis 1
BOTTOM OF THE 2ND
Memphis Blues batting - Pitching for Beaumont Roughnecks : RHP Mike Marks
Batting: RHB Dennis Mays 0-0: Ball
1-0: Ball
2-0: Ball
3-0: Called Strike
3-1: Base on Balls
Batting: LHB Armando Domínguez 0-0: Swinging Strike
0-1: Called Strike
0-2: Foul Ball, location: 2F
0-2: Ball
1-2: SINGLE (Groundball, 6MD)
Dennis Mays to second
Runner from 2nd tries for 3rd, SAFE, no throw
Batting: SHB José Velásquez 0-0: Ball
1-0: Fly out, F8 (Flyball, 8LM)
Runner from 3rd tags up, SCORES, throw made
Batting: RHB Larry Crawford 0-0: Ball
1-0: Ball
2-0: Ball
3-0: Called Strike
3-1: Grounds into double play, 1-6-3 (Groundball, P)
Bottom of the 2nd over - 1 run, 1 hit, 0 errors, 0 left on base; Beaumont 0 - Memphis 2
TOP OF THE 3RD
Beaumont Roughnecks batting - Pitching for Memphis Blues : RHP Michael Hutchins
Batting: RHB António Aguilar 0-0: Foul Ball, location: 2F
0-1: Ball
1-1: Ground out 5-3 (Groundball, 56)
Batting: RHB Miguel Costa 0-0: Ball
1-0: Ball
2-0: Ball
3-0: Base on Balls
Batting: SHB Walton Locke 0-0: Ball
1-0: Ball
2-0: Fly out, F7 (Flyball, 78M)
Batting: RHB John James 0-0: Ball
1-0: Ball
2-0: Ball
3-0: Base on Balls
Miguel Costa to second
Batting: RHB Jeff Mason 0-0: Ball
1-0: Called Strike
1-1: Ball
2-1: Foul Ball, location: 2F
2-2: Foul Ball, location: 2F
2-2: Foul Ball, location: 2F
2-2: Fly out, F8 (Flyball, 8LS)
Top of the 3rd over - 0 runs, 0 hits, 0 errors, 2 left on base; Beaumont 0 - Memphis 2
BOTTOM OF THE 3RD
Memphis Blues batting - Pitching for Beaumont Roughnecks : RHP Mike Marks
Batting: LHB Bill Stephenson 0-0: Foul Ball, location: 2F
0-1: Ball
1-1: Ball
2-1: Swinging Strike
2-2: Ball
3-2: Base on Balls
Batting: RHB Jesús Sánchez 0-0: Ball
1-0: Ball
2-0: Called Strike
2-1: Foul Ball, location: 2F
2-2: Ball
3-2: Strikes out looking
Bill Stephenson is caught stealing 2nd base
Batter strikes out.
Batting: LHB Weston Chaney 0-0: Ground out U3 (Groundball, 3)
Bottom of the 3rd over - 0 runs, 0 hits, 0 errors, 0 left on base; Beaumont 0 - Memphis 2
TOP OF THE 4TH
Beaumont Roughnecks batting - Pitching for Memphis Blues : RHP Michael Hutchins
Batting: LHB William Foley 0-0: Foul Ball, location: 2F
0-1: Called Strike
0-2: Ball
1-2: Foul Ball, location: 2F
1-2: Strikes out swinging
Batting: RHB Roger Rush 0-0: Ball
1-0: Called Strike
1-1: Ground out 6-3 (Groundball, 6)
Batting: LHB Enrique Cruz 0-0: Foul Ball, location: 2F
0-1: SINGLE (Flyball, 78S)
Batting: RHB Marvin Johnson 0-0: Fly out, F9 (Flyball, 9)
Top of the 4th over - 0 runs, 1 hit, 0 errors, 1 left on base; Beaumont 0 - Memphis 2
BOTTOM OF THE 4TH
Memphis Blues batting - Pitching for Beaumont Roughnecks : RHP Mike Marks
Batting: RHB Aaron Grizzle 0-0: Ball
1-0: Fly out, F7 (Flyball, 7LSF)
Batting: LHB Brenton Carter 0-0: Ball
1-0: Ball
2-0: Ground out 6-3 (Groundball, 6)
Batting: RHB Dennis Mays 0-0: Called Strike
0-1: Ball
1-1: Ball
2-1: Fly out, F8 (Flyball, 8RD)
Bottom of the 4th over - 0 runs, 0 hits, 0 errors, 0 left on base; Beaumont 0 - Memphis 2
TOP OF THE 5TH
Beaumont Roughnecks batting - Pitching for Memphis Blues : RHP Michael Hutchins
Batting: RHB António Aguilar 0-0: Fly out, F7 (Flyball, 7)
Batting: RHB Miguel Costa 0-0: Ball
1-0: Swinging Strike
1-1: Swinging Strike
1-2: Fly out, F5 (Popup, 15S)
Batting: SHB Walton Locke 0-0: Ball
1-0: Ball
2-0: Foul Ball, location: 2F
2-1: Foul Ball, location: 2F
2-2: Ball
3-2: Fly out, F5 (Popup, 5SF)
Top of the 5th over - 0 runs, 0 hits, 0 errors, 0 left on base; Beaumont 0 - Memphis 2
BOTTOM OF THE 5TH
Memphis Blues batting - Pitching for Beaumont Roughnecks : RHP Mike Marks
Batting: LHB Armando Domínguez 0-0: Foul Ball, location: 2F
0-1: Ball
1-1: Ball
2-1: Ball
3-1: Foul Ball, location: 2F
3-2: Foul Ball, location: 2F
3-2: Ground out U3 (Groundball, 3)
Batting: SHB José Velásquez 0-0: Ball
1-0: Ball
2-0: SINGLE (Groundball, 4S) (infield hit)
Batting: RHB Larry Crawford 0-0: Foul Ball, location: 2F
0-1: Foul Ball, location: 2F
0-2: Ball
1-2: Strikes out swinging
Batting: LHB Bill Stephenson 0-0: Ball
1-0: Ball
2-0: Called Strike
2-1: Foul Ball, location: 2F
2-2: Ground out 4-3 (Groundball, 4)
Bottom of the 5th over - 0 runs, 1 hit, 0 errors, 1 left on base; Beaumont 0 - Memphis 2
TOP OF THE 6TH
Beaumont Roughnecks batting - Pitching for Memphis Blues : RHP Michael Hutchins
Batting: RHB John James 0-0: Ball
1-0: Swinging Strike
1-1: Called Strike
1-2: Foul Ball, location: 2F
1-2: Strikes out swinging
Batting: RHB Jeff Mason 0-0: Ball
1-0: Ball
2-0: Foul Ball, location: 2F
2-1: Swinging Strike
2-2: Strikes out swinging
Batting: LHB William Foley 0-0: Ball
1-0: Ground out 4-3 (Groundball, 4MD)
Top of the 6th over - 0 runs, 0 hits, 0 errors, 0 left on base; Beaumont 0 - Memphis 2
BOTTOM OF THE 6TH
Memphis Blues batting - Pitching for Beaumont Roughnecks : RHP Mike Marks
Batting: RHB Jesús Sánchez 0-0: Ground out 6-3 (Groundball, 6)
Batting: LHB Weston Chaney 0-0: Ball
1-0: Called Strike
1-1: SOLO HOME RUN (Flyball, 9LD), Distance : 364 ft
Batting: RHB Aaron Grizzle 0-0: DOUBLE (Flyball, 78XD)
Pitching: RHP César Sánchez
Batting: LHB Brenton Carter 0-0: Called Strike
0-1: Fly out, F7 (Line Drive, 78D)
Batting: RHB Dennis Mays 0-0: Swinging Strike
0-1: Foul Ball, location: 2F
0-2: Ball
1-2: Strikes out swinging
Bottom of the 6th over - 1 run, 2 hits, 0 errors, 1 left on base; Beaumont 0 - Memphis 3
TOP OF THE 7TH
Beaumont Roughnecks batting - Pitching for Memphis Blues : RHP Michael Hutchins
Batting: RHB Roger Rush 0-0: Called Strike
0-1: Ball
1-1: Foul Ball, location: 2F
1-2: Strikes out swinging
Batting: LHB Enrique Cruz 0-0: Ball
1-0: Ball
2-0: Fly out, F8 (Flyball, 8LD)
Batting: RHB Marvin Johnson 0-0: Ball
1-0: SINGLE (Groundball, 3D)
Batting: RHB António Aguilar 0-0: Called Strike
0-1: Ball
1-1: Foul Ball, location: 2F
1-2: Ball
2-2: SINGLE (Line Drive, 6MD)
Marvin Johnson to second
Runner from 2nd tries for 3rd, SAFE, no throw
Batting: RHB Miguel Costa 0-0: Called Strike
0-1: Ball
1-1: Ball
2-1: Ball
3-1: Base on Balls
António Aguilar to second
Batting: SHB Walton Locke 0-0: Called Strike
0-1: Ball
1-1: Swinging Strike
1-2: GRAND SLAM HOME RUN (Flyball, 9LD), Distance : 356 ft
Batting: RHB John James 0-0: Called Strike
0-1: Ball
1-1: Ball
2-1: SINGLE (Line Drive, 4MD)
Pitching: RHP Scott Willerton
Batting: RHB Jeff Mason 0-0: Ball
John James is caught stealing 2nd base
Top of the 7th over - 4 runs, 4 hits, 0 errors, 0 left on base; Beaumont 4 - Memphis 3
BOTTOM OF THE 7TH
Memphis Blues batting - Pitching for Beaumont Roughnecks : RHP César Sánchez
Batting: LHB Armando Domínguez 0-0: Swinging Strike
0-1: SINGLE (Groundball, 3S) (infield hit)
Batting: SHB José Velásquez 0-0: Sac Bunt - play at first, batter OUT! 2-4
Armando Domínguez to second
Batting: RHB Larry Crawford 0-0: Ball
1-0: Called Strike
Armando Domínguez is caught stealing 3rd base
1-1: Foul Ball, location: 2F
1-2: Ball
2-2: Foul Ball, location: 2F
2-2: Fly out, F9 (Flyball, 9LDF)
Bottom of the 7th over - 0 runs, 1 hit, 0 errors, 0 left on base; Beaumont 4 - Memphis 3
TOP OF THE 8TH
Beaumont Roughnecks batting - Pitching for Memphis Blues : RHP Scott Willerton
Batting: RHB Jeff Mason 0-0: Ball
1-0: Swinging Strike
1-1: Ground out 4-3 (Groundball, 4)
Pitching: LHP Peter Turner
Batting: LHB William Foley 0-0: Ball
1-0: Ball
2-0: Called Strike
2-1: Ball
3-1: Swinging Strike
3-2: Strikes out swinging
Pitching: LHP Fernando Palácios
Batting: RHB Roger Rush 0-0: Ball
1-0: Called Strike
1-1: Swinging Strike
1-2: Foul Ball, location: 2F
1-2: Ground out 5-3 (Groundball, 5)
Top of the 8th over - 0 runs, 0 hits, 0 errors, 0 left on base; Beaumont 4 - Memphis 3
BOTTOM OF THE 8TH
Memphis Blues batting - Pitching for Beaumont Roughnecks : RHP César Sánchez
Batting: LHB Bill Stephenson 0-0: Ball
1-0: Ball
2-0: Called Strike
2-1: Foul Ball, location: 2F
2-2: Strikes out swinging
Batting: RHB Jesús Sánchez 0-0: Ball
1-0: SINGLE (Flyball, 89S)
Pinch Runner at 1st Jeff Bergeron:
Batting: LHB Weston Chaney 0-0: Called Strike
0-1: Ball
1-1: Ball
2-1: SINGLE (Line Drive, 9S)
Jeff Bergeron to second
Batting: RHB Aaron Grizzle 0-0: Called Strike
0-1: Fly out, F9 (Flyball, 9)
Batting: LHB Brenton Carter 0-0: Ball
1-0: Foul Ball, location: 2F
1-1: Ball
2-1: Ball
3-1: Called Strike
3-2: Strikes out looking
Bottom of the 8th over - 0 runs, 2 hits, 0 errors, 2 left on base; Beaumont 4 - Memphis 3
TOP OF THE 9TH
Beaumont Roughnecks batting - Pitching for Memphis Blues : LHP Fernando Palácios
Batting: LHB Enrique Cruz 0-0: Called Strike
0-1: DOUBLE (Line Drive, 78XD)
Batting: RHB Marvin Johnson 0-0: Intentional Walk
Batting: RHB António Aguilar 0-0: Ball
1-0: Bunted foul
1-1: Bunted foul
1-2: Foul Ball, location: 2F
1-2: Ball
2-2: Ball
3-2: SINGLE (Groundball, 34)
Enrique Cruz to third
Marvin Johnson to second
Batting: RHB Miguel Costa 0-0: Foul Ball, location: 2F
0-1: Ball
1-1: Ball
2-1: Foul Ball, location: 2F
2-2: Ball
3-2: Fly out, F9 (Flyball, 9)
Runner from 3rd tags up, SCORES, throw made
Batting: SHB Walton Locke 0-0: Called Strike
0-1: Swinging Strike
0-2: Foul Ball, location: 2F
0-2: Ball
1-2: SINGLE (Line Drive, 78M)
Marvin Johnson to third
António Aguilar to second
Batting: RHB John James 0-0: Grounds into fielders choice 5-2 (Groundball, 56)
António Aguilar to third
Walton Locke to second
Batting: RHB Jeff Mason 0-0: Fly out, F7 (Flyball, 78M)
Top of the 9th over - 1 run, 3 hits, 0 errors, 3 left on base; Beaumont 5 - Memphis 3
BOTTOM OF THE 9TH
Memphis Blues batting - Pitching for Beaumont Roughnecks : RHP César Sánchez
Batting: RHB Dennis Mays 0-0: Called Strike
0-1: Foul Ball, location: 2F
0-2: Foul Ball, location: 2F
0-2: Foul Ball, location: 2F
0-2: Ball
1-2: Ground out 6-3 (Groundball, 6)
Batting: LHB Armando Domínguez 0-0: Ball
1-0: Ground out 4-3 (Groundball, 4)
Batting: SHB José Velásquez 0-0: Ball
1-0: Ball
2-0: Ground out 4-3 (Groundball, 4)
Bottom of the 9th over - 0 runs, 0 hits, 0 errors, 0 left on base; Beaumont 5 - Memphis 3
Saturday, December 16th, 2017 - OOTP Baseball 18.8 Build 76